 Dungeon Crawl Stone Soup version 0.23.1 (webtiles) character file.

Game seed: 17225228729789788421

119 teukkam the Skirmisher (level 4, -2/41 HPs)
             Began as a Minotaur Fighter on Mar 13, 2019.
             Was an Initiate of Elyvilon.
             Slain by a killer bee (3 damage)
             ... on level 7 of the Dungeon.
             The game lasted 00:03:25 (550 turns).

teukkam the Skirmisher (Minotaur Fighter)            Turns: 550, Time: 00:03:27

Health: -2/41      AC:  7    Str: 22    XL:     4   Next: 73%
Magic:  3/3        EV:  7    Int:  5    God:    Elyvilon [......]
Gold:   52         SH:  9    Dex:  9    Spells: 3/3 levels left

rFire    . . .     SeeInvis .   a - +0 war axe
rCold    . . .     Gourm    .   c - +0 shield
rNeg     . . .     Faith    .   b - +0 scale mail
rPois    .         Spirit   .   (helmet restricted)
rElec    .         Reflect  .   (no cloak)
rCorr    .         Harm     .   (no gloves)
MR       .....                  (no boots)
Stlth    ..........             (no amulet)
HPRegen  0.13/turn              (no ring)
MPRegen  0.08/turn              (no ring)

@: lethally poisoned (-2 -> -16)
A: retaliatory headbutt, horns 2
a: Renounce Religion


You were on level 7 of the Dungeon.
You worshipped Elyvilon.
Elyvilon was noncommittal.
You were not hungry.

You visited 1 branch of the dungeon, and saw 6 of its levels.

You collected 52 gold pieces.

Inventory:

Hand Weapons
 a - a +0 war axe (weapon)
Armour
 b - a +0 scale mail (worn)
 c - a +0 shield (worn)
Scrolls
 e - 3 scrolls of identify
Potions
 d - a potion of might
 g - 2 potions of haste
 h - a potion of flight
Comestibles
 f - 3 rations


   Skills:
 + Level 4.5 Fighting
 + Level 3.6 Axes
 + Level 4.5 Armour
 + Level 4.5 Shields


You had 3 spell levels left.
You didn't know any spells.
Your spell library was empty.

Dungeon Overview and Level Annotations

Branches:
Dungeon (8/15)
 Temple: D:4-7         Lair: D:8-11

Altars:
Elyvilon
Trog

Annotations:
D:6 1 runed translucent door


Innate Abilities, Weirdness & Mutations

You reflexively headbutt those who attack you in melee.
You have a pair of horns on your head.


Message History

You block the killer bee's attack.
The killer bee stings you but does no damage. x2
The killer bee barely misses you. You furiously retaliate!
You headbutt the killer bee. The killer bee stings you.
* * * LOW HITPOINT WARNING * * *
The killer bee barely misses you. You furiously retaliate!
You headbutt the killer bee, but do no damage.
Okay, then.
You barely miss the killer bee.
The killer bee is moderately wounded.
You completely miss the killer bee. You closely miss the killer bee. x2
* * * LOW HITPOINT WARNING * * *
You feel sick. You block the killer bee's attack.
The killer bee stings you but does no damage.
The killer bee stings you.
* * * LOW HITPOINT WARNING * * *
The killer bee stings you.
* * * LOW HITPOINT WARNING * * *
The killer bee stings you.
You die...

#...............#
#...............+ .
#######...............# ..
#...........# ##......# ...
#...........###...###.# ....
#...........#≈≈...≈≈#.###.....
#........[..#≈..♣..≈#.........
###>............y.........[..y..
#..)...........@♣._.♣.........).
#............ryyy......#####....
#.............#≈..♣..≈## ...[
#.....#######.#≈≈...≈≈# ...
#.....# #.###...### .. #.....#
#......## y. #.....# #.######
#.....# #.# ......#


You could see 4 killer bees and a neutral quokka (wandering).

Vanquished Creatures
  2 howler monkeys (D:6)
  An orc wizard (D:7)
  A worker ant zombie (D:7)
  An orc (D:3)
  A goblin (D:1)
  A kobold (D:1)
  A frilled lizard (D:3)
  A leopard gecko skeleton (D:6)
9 creatures vanquished.

Notes
Turn   | Place    | Note
-------+----------+-------------------------------------------
     0 | D:1      | teukkam the Minotaur Fighter began the quest for the Orb.
     0 | D:1      | Reached XP level 1. HP: 19/19 MP: 0/0
    67 | D:3      | Found a bloodstained altar of Trog.
    85 | D:3      | You fall through a shaft for 3 floors!
    85 | D:6      | Noticed a howler monkey
    95 | D:6      | Killed a howler monkey
    95 | D:6      | Reached XP level 2. HP: 17/27 MP: 1/1
    95 | D:6      | Reached XP level 3. HP: 21/33 MP: 2/2
   220 | D:6      | Reached XP level 4. HP: 41/41 MP: 3/3
   223 | D:6      | Noticed an ogre
   227 | D:6      | Noticed a sky beast
   230 | D:6      | Found a runed translucent gate.
   366 | D:7      | Noticed an ogre
   523 | D:7      | Found a white marble altar of Elyvilon.
   529 | D:7      | Became a worshipper of Elyvilon the Healer
   550 | D:7      | HP: 1/41 [killer bee (2)]
   550 | D:7      | Slain by a killer bee

Skill      XL: |  1 |
---------------+----+-----
Fighting       | 4 |  4.5
Axes           | 3 |  3.6
Armour         | 4 |  4.5
Shields        | 4 |  4.5

Action                   |  1- 3 |  4- 6 || total
-------------------------+-------+-------++-------
Melee: War axe           |    18 |    14 ||    32
       Headbutt          |     1 |     1 ||     2
  Use: Scroll            |       |     2 ||     2
       Potion            |       |     1 ||     1
Armor: Scale mail        |     6 |    10 ||    16
Dodge: Dodged            |     4 |    11 ||    15
Block: Shield            |     4 |    16 ||    20
